AoeStats
← GIULIOCESARE

Lombardia

507585041Analyzed
3v3 RM · 12d ago on Sep 18, 2026· 75m 11s· 6 players
Game mode
Random Map
Map size
Normal (6 player)
Population
200
Speed
Normal
Resources
Standard
Victory
Conquest
Starting age
Dark Age
Ending age
Imperial Age
RankedLock teamsTeams togetherTeam positionsShared explorationLock speedFull tech treeHidden civsTurbo modeCheats
Victory
Defeat
🇦🇷 Bulgarians · Argentina
950
+11
🇬🇧 Japanese · United Kingdom
886
+13
🇦🇷 Persians · Argentina
819
+16
🇮🇹 Romans · Italy
881
-16
🇬🇧 Hindustanis · United Kingdom
819
-13
🇮🇹 Khmer · Italy
768
-11
fred.ferrone
4:44 Loom
12:15 Feudal Age
19:12 Castle Age
17:46 Double-Bit Axe
17:47 Horse Collar
19:53 Stone Mining
25:39 Scale Mail Armor
25:50 Forging
27:16 Wheelbarrow
28:39 Bow Saw
30:46 Scale Barding Armor
30:57 Chain Mail Armor
31:18 Iron Casting
30:43 Gold Mining
34:22 Hand Cart
34:20 Fortified Wall
36:26 Chain Barding Armor
44:10 Imperial Age
45:20 Husbandry
45:31 Bloodlines
44:43 Heavy Camel Rider
47:53 Blast Furnace
46:55 Pikeman
47:36 Squires
55:04 Heavy Plow
56:07 Two-Man Saw
57:00 Plate Barding Armor
57:43 Gold Shaft Mining
57:43 Stone Shaft Mining
58:52 Imperial Camel Rider
64:17 Caravan
68:40 Fletching
71:13 Chemistry
70:52 Thumb Ring
72:30 Light Cavalry
73:56 Hussar
BrunoMontalcino
11:16 Feudal Age
16:37 Castle Age
14:35 Double-Bit Axe
15:00 Horse Collar
21:51 Elite Skirmisher
26:29 Man-at-Arms
29:21 Wheelbarrow
35:10 Fletching
35:52 Scale Mail Armor
36:03 Forging
36:30 Long Swordsman
37:27 Chain Mail Armor
37:09 Bodkin Arrow
37:15 Padded Archer Armor
41:28 Hand Cart
41:53 Iron Casting
46:44 Imperial Age
45:02 Bow Saw
44:56 Heavy Plow
46:55 Capped Ram
47:31 Pikeman
48:11 Squires
47:33 Legionary
49:16 Blast Furnace
49:45 Chemistry
49:08 Ballistics
48:46 Murder Holes
49:29 Siege Ram
51:46 Heavy Scorpion
53:57 Halberdier
56:13 Siege Engineers
56:19 Masonry
56:23 Fortified Wall
63:03 Ballistas
63:19 Conscription
GIULIOCESARE
0:33 Loom
12:55 Feudal Age
14:16 Wheelbarrow
13:26 Horse Collar
13:35 Double-Bit Axe
14:12 Stone Mining
17:34 Gold Mining
21:31 Castle Age
22:56 Scale Barding Armor
23:03 Forging
25:02 Bow Saw
25:19 Husbandry
25:44 Chain Barding Armor
26:05 Iron Casting
26:34 Heavy Plow
28:01 Hand Cart
28:29 Gold Shaft Mining
29:24 Stone Shaft Mining
31:01 Tusk Swords
44:46 Imperial Age
46:33 Crop Rotation
49:34 Blast Furnace
50:13 Elite Battle Elephant
63:17 Bloodlines
62:29 Light Cavalry
66:28 Hussar
Potaytay
8:35 Loom
11:04 Feudal Age
13:30 Fletching
13:35 Man-at-Arms
14:38 Double-Bit Axe
16:14 Forging
16:30 Scale Mail Armor
18:51 Wheelbarrow
24:39 Castle Age
23:36 Man-at-Arms
24:20 Padded Archer Armor
25:27 Gambesons
25:03 Long Swordsman
25:44 Squires
27:33 Bow Saw
27:23 Pikeman
28:56 Chain Mail Armor
29:17 Iron Casting
30:50 Arson
31:03 Bodkin Arrow
31:24 Leather Archer Armor
37:42 Horse Collar
39:01 Heavy Plow
43:39 Imperial Age
41:55 Hand Cart
43:40 Halberdier
44:53 Conscription
45:43 Kataparuto
46:08 Plate Mail Armor
46:39 Blast Furnace
46:20 Thumb Ring
46:03 Capped Ram
48:18 Parthian Tactics
47:17 Heavy Cavalry Archer
47:51 Two-Handed Swordsman
50:20 Bracer
51:35 Bloodlines
51:31 Husbandry
50:53 Cavalier
51:00 Light Cavalry
51:15 Onager
55:04 Siege Engineers
54:37 Champion
56:36 Ring Archer Armor
56:12 Scale Barding Armor
57:46 Ballistics
58:27 Chemistry
57:39 Caravan
61:49 Town Watch
iNeik
10:38 Feudal Age
12:52 Double-Bit Axe
12:49 Horse Collar
13:46 Arson
20:27 Castle Age
19:30 Forging
19:20 Scale Mail Armor
19:26 Scale Barding Armor
22:09 Iron Casting
21:50 Chain Mail Armor
21:37 Gambesons
21:53 Squires
22:57 Gold Mining
23:02 Stone Mining
24:33 Bow Saw
26:08 Wheelbarrow
27:29 Town Watch
28:18 Stirrups
29:21 Hand Cart
29:49 Town Patrol
29:55 Heavy Plow
30:29 Fletching
30:59 Chain Barding Armor
31:05 Bloodlines
31:00 Husbandry
32:47 Gold Shaft Mining
32:49 Stone Shaft Mining
32:45 Bodkin Arrow
37:43 Imperial Age
37:59 Murder Holes
38:25 Ballistics
37:56 Elite Konnik
38:39 Bagains
45:47 Plate Barding Armor
46:13 Blast Furnace
45:13 Bracer
54:37 Caravan
68:47 Masonry
69:40 Chemistry
68:32 Guard Tower
71:27 Light Cavalry
72:19 Hussar
drogo
5:31 Loom
9:25 Feudal Age
12:50 Man-at-Arms
13:16 Arson
18:28 Horse Collar
24:45 Castle Age
23:46 Double-Bit Axe
24:45 Forging
24:37 Scale Mail Armor
25:48 Wheelbarrow
24:44 Long Swordsman
26:38 Heavy Plow
27:33 Pikeman
28:14 Squires
28:29 Husbandry
29:45 Gold Mining
29:47 Stone Mining
31:34 Bow Saw
31:38 Scale Barding Armor
33:05 Chain Barding Armor
34:41 Iron Casting
38:57 Imperial Age
37:00 Chain Mail Armor
39:02 Bloodlines
40:14 Chemistry
40:08 Gold Shaft Mining
40:38 Plate Mail Armor
41:10 Blast Furnace
42:28 Halberdier
45:14 Conscription
44:31 Cavalier
49:38 Savar
50:58 Hand Cart
53:06 Plate Barding Armor
59:51 Elite War Elephant
71:10 Caravan
73:56 Two-Man Saw
Connection lost

Rejoining the realm…

Still unreachable

The connection could not be restored.

Session expired

The server has moved on; the page needs a fresh start.